 Dungeon Crawl Stone Soup version 0.20.0-15-g7f486f2 (webtiles) character file.

126 pib the Ruffian (level 4, -11/37 HPs)
             Began as a Draconian Transmuter on June 23, 2017.
             Killed by divine providence
             ... invoked by an orc priest
              (14 damage)
             ... on level 4 of the Dungeon.
             The game lasted 00:08:08 (3413 turns).

pib the Ruffian (Draconian Transmuter)              Turns: 3413, Time: 00:08:08

Health: -11/37     AC:  5    Str: 12    XL:     4   Next: 84%
Magic:  6/7        EV: 12    Int: 15    God:
Gold:   155        SH:  0    Dex: 11    Spells: 4/7 levels left

rFire    . . .     SeeInvis .     - Unarmed
rCold    . . .     Gourm    .   (no shield)
rNeg     . . .     Faith    .   (armour unavailable)
rPois    .         Spirit   .   (helmet restricted)
rElec    .         Reflect  .   (no cloak)
rCorr    .         Harm     .   (no gloves)
MR       .....                  (no boots)
Stlth    +.........             (no amulet)
Regen    0.2/turn               h - ring of flight
MPRegen  0.1/turn               (no ring)

@: appendage
A: unfitting armour, horns 2, cold-blooded, AC +5
a: End Transformation, Evoke Flight


You were on level 4 of the Dungeon.
You were not hungry.
You had grown temporary horns.
You visited 1 branch of the dungeon, and saw 4 of its levels.

You collected 155 gold pieces.

Inventory:

Missiles
 a - 11 arrows
 l - 4 needles of frenzy
Jewellery
 h - a ring of flight (left hand)
Scrolls
 d - a scroll of enchant weapon {unknown}
 e - a scroll of enchant armour {unknown}
 i - 3 scrolls of identify
 j - 3 scrolls of remove curse
 k - 2 scrolls of teleportation {unknown}
 m - 2 scrolls of recharging {unknown}
 q - 2 scrolls of magic mapping {unknown}
 u - a scroll of fog {unknown}
 v - a scroll of immolation {unknown}
Potions
 g - a potion of magic {unknown}
 n - a potion of ambrosia {unknown}
 o - a potion of resistance {unknown}
 s - a potion of curing {unknown}
 t - a potion of flight {unknown}
Books
 b - a book of Changes

   Spells                             Type                      Level
   a - Beastly Appendage              Transmutation                1
   b - Sticks to Snakes               Transmutation                2
   c - Spider Form                    Transmutation/Poison         3
   d - Ice Form                       Ice/Transmutation            4
   e - Blade Hands                    Transmutation                5
Comestibles
 c - 3 bread rations
 f - 3 meat rations
 p - a fruit
 r - a royal jelly


   Skills:
 + Level 2.5 Fighting
 - Level 2.6 Dodging
 + Level 4.3 Unarmed Combat
 - Level 2.0 Spellcasting
 + Level 2.3 Transmutations


You had 4 spell levels left.
You knew the following spells:

 Your Spells              Type           Power        Failure   Level  Hunger
a - Beastly Appendage     Tmut           #.....       9%          1    #......
b - Sticks to Snakes      Tmut           #.......     13%         2    ###....


Dungeon Overview and Level Annotations

Branches:
Dungeon (4/15)
 Temple: D:4-7

Altars:

Annotations:
D:2 Sigmund
D:4 Menkaure


Innate Abilities, Weirdness & Mutations

Your plain brown scales are hard. (AC +5)
You cannot fit into any form of body armour.
You are cold-blooded and may be slowed by cold attacks.
You have a pair of horns on your head.


Message History

Confirm with . or Enter, or press ? or * to list all spells.
You grow a pair of large bovine horns.
The orc priest invokes the aid of Beogh against you.
Beogh smites you!
The orc priest mumbles some strange prayers to Beogh against you.
Beogh smites you!
* * * LOW HITPOINT WARNING * * *
You hit the orc priest but do no damage.
You headbutt the orc priest! You tail-slap the orc priest.
The orc priest is heavily wounded.
The orc priest hits you but does no damage.
You closely miss the orc priest. Your headbutt misses the orc priest.
The orc priest is heavily wounded.
The orc priest hits you with a dagger.
* * * LOW HITPOINT WARNING * * *
You hit the orc priest. You tail-slap the orc priest.
The orc priest is almost dead.
The orc priest invokes the aid of Beogh against you.
Beogh smites you!
You die...

###
#..
##.##
...
#.#
#.#
#.#
#.#
#@#
#o#
#.#
#.#
#.##
#..#
##.#
###
#.#
..#
#.#


You could see an orc priest.

Vanquished Creatures
  4 adders
  An ooze (D:2)
  2 worms
  3 dart slugs
  3 leopard geckos
  3 bats
  10 giant cockroaches
  9 goblins
  5 hobgoblins
  6 jackals (D:2)
  A quokka (D:3)
  6 frilled lizards
  8 kobolds
  5 rats
66 creatures vanquished.

Notes
Turn   | Place    | Note
-------+----------+-------------------------------------------
     0 | D:1      | pib the Draconian Transmuter began the quest for the Orb.
     0 | D:1      | Reached XP level 1. HP: 16/16 MP: 3/3
   374 | D:1      | Reached XP level 2. HP: 19/24 MP: 3/5
   873 | D:1      | Reached XP level 3. HP: 28/29 MP: 6/6
  1136 | D:2      | Learned a level 2 spell: Sticks to Snakes
  1174 | D:2      | Noticed Sigmund
  1512 | D:2      | Reached skill level 4 in Unarmed Combat
  1794 | D:2      | Reached XP level 4. HP: 26/36 MP: 5/7
  2891 | D:4      | Got a pair of polished boots
  2897 | D:4      | Identified the cursed -4 pair of boots of the Gusle {Str+2} (You found it on level 4 of the Dungeon)
  3153 | D:4      | Noticed an ogre
  3393 | D:4      | Noticed Menkaure
  3413 | D:4      | Killed from afar by an orc priest

Skill      XL: |  1  2  3 |
---------------+----------+-----
Dodging        | 2 |  2.6
Fighting       | 2 |  2.5
Unarmed Combat | 4 |  4.3
Spellcasting   | |  2.0
Transmutations | |  2.3

Action                   |  1- 3 |  4- 6 || total
-------------------------+-------+-------++-------
Melee: Unarmed           |   139 |   100 ||   239
       Tailslap          |    15 |     6 ||    21
       Kick              |     5 |     9 ||    14
       Headbutt          |     7 |     1 ||     8
       Punch             |     1 |     1 ||     2
 Cast: Beastly Appendage |    22 |     9 ||    31
       Sticks to Snakes  |       |     1 ||     1
  Use: Scroll            |       |     2 ||     2
 Stab: Distracted        |     1 |       ||     1
       Sleeping          |       |     1 ||     1
  Eat: Chunk             |     3 |     3 ||     6
       Bread ration      |       |     1 ||     1
Armor: Skin              |    43 |    37 ||    80
Dodge: Dodged            |   105 |    59 ||   164
